 Dungeon Crawl Stone Soup version 0.21-a0-110-g8e1637b (webtiles) character file.

330 grindst0ne the Changer (level 6, -5/48 HPs)
             Began as a Merfolk Transmuter on July 10, 2017.
             Was an Initiate of Ashenzari.
             Engulfed by a cloud of flame (25 damage)
             ... on level 4 of the Dungeon.
             The game lasted 00:07:33 (3983 turns).

grindst0ne the Changer (Merfolk Transmuter)         Turns: 3983, Time: 00:07:34

Health: -5/48      AC:  2    Str: 12    XL:     6   Next: 51%
Magic:  2/9        EV: 21    Int: 13    God:    Ashenzari [......]
Gold:   127        SH:  2    Dex: 21    Spells: 3/9 levels left

rFire    . . .     SeeInvis +     - Unarmed
rCold    . . .     Gourm    .   (shield currently unavailable)
rNeg     . . .     Faith    .   (armour currently unavailable)
rPois    x         Spirit   .   (helmet currently unavailable)
rElec    .         Reflect  +   (cloak currently unavailable)
rCorr    .         Harm     .   (gloves currently unavailable)
MR       .....                  (boots currently unavailable)
Stlth    +++.......             l - +2 amulet of reflection
HPRegen  0.16/turn              s - ring of stealth
MPRegen  0.11/turn              (no ring)

@: spider-form
A: (change form in water), (swift swim), (stealthy swim), see invisible, agile
1, blink
a: End Transformation, Blink, Curse Item, Renounce Religion


You were on level 4 of the Dungeon.
You worshipped Ashenzari.
Ashenzari was noncommittal.
You were very hungry.
You were a venomous arachnid creature.
You visited 1 branch of the dungeon, and saw 4 of its levels.

You collected 127 gold pieces.

Inventory:

Missiles
 a - 72 arrows
Armour
 b - a +0 robe (melded)
 n - a +0 pair of boots (melded)
 u - a +0 cloak
Jewellery
 l - a +2 amulet of reflection (around neck)
 s - a ring of stealth (left front leg)
Wands
 q - a wand of random effects (48/48)
Scrolls
 e - a scroll of blinking
 m - a scroll of remove curse
Potions
 g - a potion of agility
 i - 2 potions of curing
 p - a potion of mutation
 t - a potion of haste
 w - a potion of resistance
Books
 c - a book of Changes

   Spells                             Type                      Level
   a - Beastly Appendage              Transmutation                1
   b - Sticks to Snakes               Transmutation                2
   c - Spider Form                    Transmutation/Poison         3
   d - Ice Form                       Ice/Transmutation            4
   e - Blade Hands                    Transmutation                5
Comestibles
 d - 3 bread rations
 f - 3 meat rations
 h - 2 fruits


   Skills:
 + Level 4.2 Fighting
 - Level 2.6 Dodging
 + Level 5.1 Unarmed Combat
 - Level 2.0 Spellcasting
 + Level 5.4 Transmutations


You had 3 spell levels left.
You knew the following spells:

 Your Spells              Type           Power        Failure   Level  Hunger
a - Beastly Appendage     Tmut           ###...       10%         1    ##.....
b - Sticks to Snakes      Tmut           ###.....     13%         2    ###....
c - Spider Form           Tmut/Pois      #.........   47%         3    ####...


Dungeon Overview and Level Annotations

Branches:
Dungeon (4/15)
 Temple: D:4-7

Altars:
Ashenzari

Annotations:
D:4 p0werm0de's ghost, novice DsSk


Innate Abilities, Weirdness & Mutations

((You revert to your normal form in water.))
((You are very nimble and swift while swimming.))
((You are very stealthy in the water. (Stealth+)))
You have supernaturally acute eyesight. (SInv)
You are agile. (Dex +2)
You can translocate small distances at will.
((Your flesh is heat resistant. (rF+)))


Message History

You create a snake!
You now have 73 arrows.
The orc shouts!
Casting: Sticks to Snakes
Confirm with . or Enter, or press ? or * to list all spells.
You create a snake!
You now have 72 arrows.
You hit the orc.
The orc is poisoned.
The orc is lightly wounded.
The orc misses you. P0werm0de's ghost barely misses you.
Your ball python bites p0werm0de's ghost but does no damage.
You bite the orc!
The orc explodes!
The fiery explosion engulfs your ball python.
You kill your ball python!
The fiery explosion engulfs you!
Ouch! That really hurt!
The fiery explosion engulfs p0werm0de's ghost.
P0werm0de's ghost is almost destroyed.
You are engulfed in blazing flames.
Ouch! That really hurt!
You die...

## ...
#.######....
##.%....#..%.
#..........<#
####............
#........S.%....
#%....§W§...%.
#(....s§§...#
#.....§§....#
#..........##
#.........##
##......###
########


You could see p0werm0de's ghost and a friendly ball python.

Vanquished Creatures
  An ogre (D:3)
  An orc priest (D:3)
  Jessica (D:2)
  An iguana (D:3)
  2 gnolls (D:2)
  5 adders
  2 oozes
  A worm (D:3)
  2 dart slugs
  3 leopard geckos (D:1)
  9 orcs
  A ball python (D:3)
  4 giant cockroaches
  6 goblins
  6 hobgoblins
  5 kobolds
  2 quokkas (D:2)
  9 bats
  3 frilled lizards (D:2)
  4 rats
68 creatures vanquished.

Vanquished Creatures (collateral kills)
  2 gnolls (D:2)
2 creatures vanquished.

Grand Total: 70 creatures vanquished

Notes
Turn   | Place    | Note
-------+----------+-------------------------------------------
     0 | D:1      | grindst0ne the Merfolk Transmuter began the quest for the Orb.
     0 | D:1      | Reached XP level 1. HP: 15/15 MP: 3/3
   497 | D:1      | Reached XP level 2. HP: 21/21 MP: 3/5
   700 | D:1      | Found a shattered altar of Ashenzari.
   774 | D:1      | Became a worshipper of Ashenzari the Shackled
  1259 | D:1      | Reached XP level 3. HP: 27/27 MP: 4/6
  1887 | D:2      | Noticed Jessica
  1970 | D:1      | Learned a level 2 spell: Sticks to Snakes
  1974 | D:1      | Learned a level 3 spell: Spider Form
  1998 | D:2      | Killed Jessica
  1998 | D:2      | Reached XP level 4. HP: 25/34 MP: 2/7
  2371 | D:2      | Gained mutation: You can translocate small distances at will. [potion of mutation]
  2371 | D:2      | Gained mutation: Your flesh is heat resistant. (rF+) [potion of mutation]
  2371 | D:2      | Gained mutation: You are agile. (Dex +2) [potion of mutation]
  2371 | D:2      | Gained mutation: You have supernaturally acute eyesight. (SInv) [potion of mutation]
  2377 | D:2      | Reached XP level 5. HP: 10/41 MP: 3/8
  3104 | D:3      | Reached XP level 6. HP: 41/48 MP: 2/9
  3326 | D:3      | Reached skill level 5 in Transmutations
  3787 | D:3      | Reached skill level 5 in Unarmed Combat
  3978 | D:4      | Noticed p0werm0de's ghost (novice DsSk)
  3983 | D:4      | Engulfed by a cloud of flame

Vault maps used:
D:1:      dpeg_arrival_lava_temple_mockup, evilmike_ruin_ashenzari
D:2:      uniq_jessica
D:3:      first_bread, nrook_mini_backslash, minmay_misc_feat_cross,
          minmay_misc_feat_alley
D:4:      portal_sewer_entry_e, wad_floor_pattern_untrapped

Skill      XL: |  1  2  3  4  5  6 |
---------------+-------------------+-----
Transmutations | 3 4 5 |  5.4
Fighting       | 2 3 4 |  4.2
Unarmed Combat | 4 5 |  5.1
Dodging        | |  2.6
Spellcasting   | |  2.0

Action                   |  1- 3 |  4- 6 || total
-------------------------+-------+-------++-------
Melee: Unarmed           |    93 |   110 ||   203
       Headbutt          |    13 |     2 ||    15
 Cast: Beastly Appendage |    18 |     4 ||    22
       Spider Form       |     1 |    15 ||    16
       Sticks to Snakes  |       |     4 ||     4
  Use: Potion            |       |     3 ||     3
       Scroll            |       |     8 ||     8
 Stab: Sleeping          |     1 |     5 ||     6
  Eat: Chunk             |     3 |     9 ||    12
Armor: Robe              |    22 |     5 ||    27
       Skin              |       |     8 ||     8
Dodge: Dodged            |    77 |    59 ||   136
Block: Other             |     7 |     4 ||    11
